 Dungeon Crawl Stone Soup version 0.24.0-2-g5b39cebb1c (webtiles) character file.

Game seed: 981421166006997738, levelgen mode: deterministic

9693 LostNumber the Thaumaturge (level 11, -6/86 HPs)
             Began as a Gnoll Skald on Oct 31, 2019.
             Was a Believer of Ashenzari.
             Mangled by an orc warrior
             ... wielding a +0 short sword
              (12 damage)
             ... on level 10 of the Dungeon.
             The game lasted 00:27:02 (13946 turns).

LostNumber the Thaumaturge (Gnoll Skald)           Turns: 13946, Time: 00:27:02

Health: -6/86      AC: 11    Str: 15    XL:     11   Next: 50%
Magic:  30/32      EV: 15    Int: 18    God:    Ashenzari [**....]
Gold:   716        SH:  0    Dex: 14    Spells: 16/26 levels left

rFire    . . .     SeeInvis .   z - +3 spear
rCold    + . .     Gourm    .   (no shield)
rNeg     . . .     Faith    .   n - +2 ring mail {rC+} (curse)
rPois    .         Spirit   .   r - +0 helmet
rElec    .         Reflect  .   F - +0 cloak
rCorr    +         Harm     .   (no gloves)
MR       .....                  (no boots)
Stlth    +++.......             c - amulet of magic regeneration (curse)
HPRegen  1.24/turn              p - ring of resist corrosion
MPRegen  0.48/turn              q - ring of magical power (curse)

@: infused, regenerating
A: distributed training, fangs 1, strong nose
a: Curse Item, Scrying, Renounce Religion


You were on level 10 of the Dungeon.
You worshipped Ashenzari.
Ashenzari was pleased with you.
You were not hungry.

You visited 1 branch of the dungeon, and saw 11 of its levels.

You collected 716 gold pieces.

Inventory:

Hand Weapons
 a - a +0 spear
 z - a +3 spear (weapon)
   (You took it off a wight on level 9 of the Dungeon)
 A - a +1 spear of flaming
   (You took it off a gnoll on level 8 of the Dungeon)
Armour
 b - a +0 leather armour
 n - a cursed +2 ring mail of cold resistance (worn)
   (You found it on level 2 of the Dungeon)
 r - a +0 helmet (worn)
   (You found it on level 4 of the Dungeon)
 s - the +3 scale mail of Gamiz {rC++ MR-}
   (You found it on level 8 of the Dungeon)

   It greatly protects you from cold.
   It affects your resistance to hostile enchantments.
 F - a +0 cloak (worn)
   (You found it on level 9 of the Dungeon)
Jewellery
 c - a cursed amulet of magic regeneration (around neck)
   (You found it on level 8 of the Dungeon)
 i - the amulet "Iffick" {Inacc rN++ MR+ Stlth-}
   (You found it on level 7 of the Dungeon)

   [amulet of inaccuracy]

   It reduces the accuracy of all your attacks.
   It greatly protects you from negative energy.
   It affects your resistance to hostile enchantments.
   It makes you less stealthy.
 p - a ring of resist corrosion (left hand)
   (You found it on level 3 of the Dungeon)
 q - a cursed ring of magical power (right hand)
   (You found it on level 3 of the Dungeon)
Wands
 t - a wand of flame (24)
   (You found it on level 9 of the Dungeon)
 u - a wand of paralysis (10)
   (You found it on level 6 of the Dungeon)
 w - a wand of scattershot (6)
   (You found it on level 6 of the Dungeon)
 x - a wand of acid (7)
   (You found it on level 9 of the Dungeon)
Scrolls
 d - 3 scrolls of magic mapping
 f - 3 scrolls of amnesia
 g - 5 scrolls of teleportation {@r4}
 h - 4 scrolls of enchant weapon
 j - a scroll of immolation {!r}
 m - 3 scrolls of remove curse {@r2}
 o - a scroll of noise {unknown}
 y - a scroll of vulnerability {!r}
 G - a scroll of summoning
Potions
 l - 4 potions of heal wounds {@q2}
 v - a potion of might
 B - a potion of brilliance
 D - 2 potions of haste {@q3}
 E - a potion of curing {@q1}
 H - 2 potions of lignification {!q}
Comestibles
 e - 20 rations {!d}
 k - 3 chunks of flesh


   Skills:
 + Level 7.8 Fighting
 + Level 6.2 Short Blades
 + Level 6.2 Long Blades
 + Level 6.2 Axes
 + Level 6.2 Maces & Flails
 + Level 7.8 Polearms
 + Level 6.2 Staves
 + Level 6.2 Slings
 + Level 6.2 Bows
 + Level 6.2 Crossbows
 + Level 6.2 Throwing
 + Level 6.8 Armour
 + Level 7.8 Dodging
 + Level 6.2 Stealth
 + Level 6.2 Shields
 + Level 6.2 Unarmed Combat
 + Level 8.1 Spellcasting
 + Level 5.1(6.6) Conjurations
 + Level 5.1(6.6) Hexes
 + Level 7.6(9.1) Charms
 + Level 5.1(6.6) Summonings
 + Level 5.1(6.6) Necromancy
 + Level 5.1(6.6) Translocations
 + Level 5.1(6.6) Transmutations
 + Level 5.1(6.6) Fire Magic
 + Level 5.1(6.6) Ice Magic
 + Level 5.1(6.6) Air Magic
 + Level 5.1(6.6) Earth Magic
 + Level 5.1(6.6) Poison Magic
 + Level 6.8 Invocations
 + Level 6.2(7.7) Evocations


You had 16 spell levels left.
You knew the following spells:

 Your Spells              Type           Power        Failure   Level  Hunger
a - Infusion              Chrm           ####         1%          1    None
b - Confusing Touch       Hex            ####..       1%          1    None
e - Regeneration          Chrm/Necr      #####.....   1%          3    #......
q - Shroud of Golubria    Chrm/Tloc      #####.       1%          2    None
t - Spectral Weapon       Hex/Chrm       #####...     1%          3    #......

Your spell library contained the following spells:

 Spells                   Type           Power        Failure   Level  Hunger
 Freeze                   Ice            ####         1%          1    None
 Song of Slaying          Chrm           #####...     1%          2    None
 Throw Frost              Conj/Ice       ####..       1%          2    None
 Ozocubu's Armour         Chrm/Ice       #####...     1%          3    #......
 Confuse                  Hex            ####....     3%          3    #......
 Gell's Gravitas          Tloc           ####......   3%          3    #......
 Petrify                  Tmut/Erth      ####....     12%         4    ###....
 Summon Ice Beast         Ice/Summ       ####....     12%         4    ###....
 Throw Icicle             Conj/Ice       ####....     12%         4    ###....
 Metabolic Englaciation   Hex/Ice        ####......   32%         5    #####..
 Yara's Violent Unravell  Hex/Tmut       ####......   32%         5    #####..


Dungeon Overview and Level Annotations

Branches:
Dungeon (11/15)            Temple (0/1) D:6            Lair (0/6) D:11
    Orc (0/2) D:10

Altars:
Ashenzari
Cheibriados
Hepliaklqana
Makhleb
Nemelex Xobeh
Qazlal
Ru
Vehumet
Wu Jian
Xom
Zin

Annotations:
D:6 2 transporters, Ponchio's ghost, novice GrFi


Innate Abilities, Weirdness & Mutations

Your experience applies equally to all skills.
You have very sharp teeth.
Your uncanny sense of smell can sniff out nearby items.


Message History

Unknown command.
Unknown command.
Your skin crawls.
The orc closely misses you.
The orc warrior hits you with a +0 short sword!
* * * LOW HITPOINT WARNING * * *
You hit the orc warrior but do no damage.
You bite the orc warrior, but do no damage.
Your spectral weapon hits the orc warrior but does no damage.
The orc hits you but does no damage. The orc barely misses you.
The orc warrior hits you with a +0 short sword!
* * * LOW HITPOINT WARNING * * *
You hit the orc warrior but do no damage.
Your spectral weapon closely misses the orc warrior.
The orc hits you.
* * * LOW HITPOINT WARNING * * *
The orc misses you.
You hit the orc warrior but do no damage.
Your spectral weapon barely misses the orc warrior.
The orc warrior misses you.
You hit the orc warrior but do no damage.
Your spectral weapon hits the orc warrior but does no damage.
The orc closely misses you. The orc misses you.
The orc warrior hits you with a +0 short sword!
* * * LOW HITPOINT WARNING * * *
You begin infusing your attacks with magical energy.
The orc completely misses you.
The orc warrior hits you but does no damage.
The orc closely misses you.
Unknown command.
You hit the orc warrior.
Your spectral weapon hits the orc warrior but does no damage.
The orc barely misses you.
Unknown command.
You hit the orc warrior.
Your spectral weapon hits the orc warrior but does no damage.
The orc warrior hits you but does no damage.
The orc barely misses you. The orc hits you but does no damage.
Unknown command.
You hit the orc warrior but do no damage.
Your spectral weapon hits the orc warrior but does no damage.
The orc warrior hits your spectral weapon with a +0 short sword!
Your spectral weapon shares its damage with you!
* * * LOW HITPOINT WARNING * * *
You catch the helpless orc warrior completely off-guard!
You hit the orc warrior but do no damage.
You bite the orc warrior, but do no damage.
Your spectral weapon closely misses the orc warrior.
The orc hits you but does no damage. The orc closely misses you.
The orc warrior hits you with a +0 short sword!
You die...

###### #....#
#....# #....# ####
## #....# #@o# #.
#....# #oo# #.
#....# #o(# ####.
#....# #..## #....
##....# #...#
###.... #.....#
#.#.########......
#.....#
##.#.##.......##...
##...#.#
#..#..#.########.#.
#..#.#.#
##.###....### #<#.


You could see an orc warrior, 3 orcs and a friendly spectral +3 spear.

Vanquished Creatures
  A two-headed ogre (D:10)
  2 ugly things (D:10)
  A centaur skeleton (D:9)
  3 hornets
  2 hippogriffs
  A wyvern (D:10)
  A wraith (D:10)
  8 yaks (D:10)
  2 wargs
  Menkaure (D:6)
  A soldier ant (D:8)
  4 orc warriors
  A black bear (D:8)
  3 ice beasts
  A phantom (D:9)
  4 sky beasts
  4 centaurs
  3 ogres
  A big kobold (D:10)
  7 bullfrogs
  A wyvern zombie (D:7)
  5 scorpions
  A water moccasin skeleton (D:7)
  3 killer bees (D:10)
  6 wights
  A howler monkey (D:4)
  2 crimson imps
  7 hounds
  A quasit (D:7)
  8 orc priests
  7 jellies
  A gnoll shaman (D:8)
  A bullfrog skeleton (D:10)
  An iguana (D:5)
  13 orc wizards
  12 worker ants
  A hound zombie (D:7)
  A hound skeleton (D:4)
  A howler monkey zombie (D:8)
  10 gnolls
  A worker ant zombie (D:8)
  11 adders
  9 river rats (D:6)
  3 shadow imps
  2 adder zombies
  An adder skeleton (D:5)
  3 worms (D:2)
  2 leopard geckos
  76 orcs
  5 giant cockroaches
  11 goblins
  2 hobgoblins
  12 jackals
  6 quokkas (D:6)
  4 ball pythons
  4 bats
  8 frilled lizards
  A jackal skeleton (D:5)
  11 kobolds
  A leopard gecko skeleton (D:5)
  A leopard gecko zombie (D:4)
  16 rats (D:6)
324 creatures vanquished.

Vanquished Creatures (others)
  11 spectral weapons
11 creatures vanquished.

Grand Total: 335 creatures vanquished

Notes
Turn   | Place    | Note
-------+----------+-------------------------------------------
     0 | D:1      | LostNumber the Gnoll Skald began the quest for the Orb.
     0 | D:1      | Reached XP level 1. HP: 20/20 MP: 6/6
   746 | D:1      | Reached XP level 2. HP: 26/26 MP: 7/7
  1094 | D:2      | Reached skill level 5 in Spellcasting
  1094 | D:2      | Reached XP level 3. HP: 31/31 MP: 7/9
  1106 | D:2      | Reached skill level 1 in Invocations
  1298 | D:2      | Learned a level 2 spell: Shroud of Golubria
  1302 | D:2      | Learned a level 3 spell: Regeneration
  1306 | D:2      | Learned a level 3 spell: Spectral Weapon
  1331 | D:2      | Reached skill level 1 in Short Blades
  1331 | D:2      | Reached skill level 1 in Long Blades
  1331 | D:2      | Reached skill level 1 in Axes
  1331 | D:2      | Reached skill level 1 in Maces & Flails
  1331 | D:2      | Reached skill level 1 in Staves
  1331 | D:2      | Reached skill level 1 in Slings
  1331 | D:2      | Reached skill level 1 in Bows
  1331 | D:2      | Reached skill level 1 in Crossbows
  1331 | D:2      | Reached skill level 1 in Throwing
  1331 | D:2      | Reached skill level 1 in Stealth
  1331 | D:2      | Reached skill level 1 in Shields
  1331 | D:2      | Reached skill level 1 in Unarmed Combat
  1331 | D:2      | Reached skill level 1 in Evocations
  1357 | D:2      | Reached XP level 4. HP: 38/38 MP: 11/11
  1389 | D:2      | Learned a level 1 spell: Confusing Touch
  1675 | D:2      | Found a shattered altar of Ashenzari.
  1688 | D:2      | Found a radiant altar of Vehumet.
  1703 | D:2      | Became a worshipper of Ashenzari the Shackled
  1788 | D:2      | Reached skill level 1 in Conjurations
  1788 | D:2      | Reached skill level 1 in Hexes
  1788 | D:2      | Reached skill level 1 in Summonings
  1788 | D:2      | Reached skill level 1 in Necromancy
  1788 | D:2      | Reached skill level 1 in Translocations
  1788 | D:2      | Reached skill level 1 in Transmutations
  1788 | D:2      | Reached skill level 1 in Fire Magic
  1788 | D:2      | Reached skill level 1 in Ice Magic
  1788 | D:2      | Reached skill level 1 in Air Magic
  1788 | D:2      | Reached skill level 1 in Earth Magic
  1788 | D:2      | Reached skill level 1 in Poison Magic
  2009 | D:2      | Reached XP level 5. HP: 43/43 MP: 12/12
  2770 | D:4      | Reached XP level 6. HP: 50/50 MP: 13/13
  3319 | D:4      | Reached skill level 5 in Fighting
  3319 | D:4      | Reached skill level 5 in Polearms
  3319 | D:4      | Reached skill level 5 in Dodging
  3415 | D:4      | Reached XP level 7. HP: 23/56 MP: 15/15
  3757 | D:4      | Found a shimmering altar of Xom.
  3759 | D:4      | Found a burning altar of Makhleb.
  4124 | D:5      | Entered Level 5 of the Dungeon
  4273 | D:5      | HP: 3/84 [poisoned by a scorpion]
  4278 | D:5      | HP: 2/84 [poisoned by a scorpion]
  4283 | D:5      | HP: 2/84 [poisoned by a scorpion]
  4288 | D:5      | HP: 4/84 [poisoned by a scorpion]
  4536 | D:5      | Found a hazy altar of Hepliaklqana.
  4586 | D:5      | Found a snail-covered altar of Cheibriados.
  4630 | D:5      | Reached XP level 8. HP: 48/63 MP: 16/16
  5297 | D:6      | Reached skill level 6 in Spellcasting
  5675 | D:6      | Found a staircase to the Ecumenical Temple.
  5792 | D:6      | Noticed Menkaure
  5797 | D:6      | Found a transporter.
  5805 | D:6      | Killed Menkaure
  5917 | D:6      | Noticed Ponchio's ghost (novice GrFi)
  6088 | D:6      | Reached XP level 9. HP: 59/69 MP: 18/18
  6144 | D:6      | Found a transporter.
  6269 | D:7      | Identified the amulet "Iffick" {Inacc rN++ MR+ Stlth-}
  7134 | D:7      | Reached skill level 5 in Armour
  7148 | D:7      | HP: 3/69 [something (5)]
  7917 | D:8      | Reached * piety under Ashenzari
  8314 | D:8      | Reached skill level 5 in Invocations
  8721 | D:8      | Found an ornate altar of the Wu Jian Council.
  8722 | D:8      | Found a sparkling altar of Nemelex Xobeh.
  8797 | D:8      | Noticed a hornet
  8797 | D:8      | Noticed a hornet
  8798 | D:8      | Noticed a hornet
  8802 | D:8      | Paralysed by a hornet for 2 turns
  9144 | D:8      | Reached XP level 10. HP: 75/77 MP: 20/20
  9163 | D:8      | Reached skill level 7 in Spellcasting
  9697 | D:8      | Identified the +3 scale mail of Gamiz {rC++ MR-}
  9798 | D:8      | Paralysed by a hornet for 1 turns
  9814 | D:8      | Reached skill level 5 in Short Blades
  9814 | D:8      | Reached skill level 5 in Long Blades
  9814 | D:8      | Reached skill level 5 in Axes
  9814 | D:8      | Reached skill level 5 in Maces & Flails
  9814 | D:8      | Reached skill level 5 in Staves
  9814 | D:8      | Reached skill level 5 in Slings
  9814 | D:8      | Reached skill level 5 in Bows
  9814 | D:8      | Reached skill level 5 in Crossbows
  9814 | D:8      | Reached skill level 5 in Throwing
  9814 | D:8      | Reached skill level 5 in Stealth
  9814 | D:8      | Reached skill level 5 in Shields
  9814 | D:8      | Reached skill level 5 in Unarmed Combat
  9814 | D:8      | Reached skill level 5 in Evocations
  9880 | D:9      | Found a glowing silver altar of Zin.
  9976 | D:9      | Got the long sword "Soiggaipn" {freeze, Dex+3}
 10340 | D:9      | Found a stormy altar of Qazlal.
 10439 | D:9      | Found a sacrificial altar of Ru.
 10571 | D:10     | Entered Level 10 of the Dungeon
 10591 | D:10     | Noticed a white ugly thing
 11097 | D:10     | Found a staircase to the Orcish Mines.
 11415 | D:10     | Reached ** piety under Ashenzari
 11662 | D:10     | Killed a white ugly thing
 11662 | D:10     | Reached XP level 11. HP: 39/84 MP: 20/22
 12321 | D:11     | Noticed a two-headed ogre
 12358 | D:11     | Noticed an eight-headed hydra
 12433 | D:11     | Noticed a green ugly thing
 12530 | D:10     | Killed a two-headed ogre
 12530 | D:10     | Reached skill level 8 in Spellcasting
 12530 | D:10     | Reached skill level 5 in Conjurations
 12530 | D:10     | Reached skill level 5 in Hexes
 12530 | D:10     | Reached skill level 5 in Summonings
 12530 | D:10     | Reached skill level 5 in Necromancy
 12530 | D:10     | Reached skill level 5 in Translocations
 12530 | D:10     | Reached skill level 5 in Transmutations
 12530 | D:10     | Reached skill level 5 in Fire Magic
 12530 | D:10     | Reached skill level 5 in Ice Magic
 12530 | D:10     | Reached skill level 5 in Air Magic
 12530 | D:10     | Reached skill level 5 in Earth Magic
 12530 | D:10     | Reached skill level 5 in Poison Magic
 12871 | D:11     | Found a staircase to the Lair.
 13185 | D:11     | Noticed a white ugly thing
 13214 | D:10     | HP: 1/85 [white ugly thing (6)]
 13217 | D:10     | Killed a white ugly thing
 13946 | D:10     | Mangled by an orc warrior

Levels and vault maps discovered:
D:1:      dpeg_arrival_windows_large_door, layout_basic, minmay_statues_item
D:2:      layout_basic, grunt_temple_overflow_open
D:3:      layout_basic, small_statue_alley_b
D:4:      layout_rooms, grunt_temple_overflow_champion_of_chaos
D:5:      layout_basic, overflow_temple_1_default, lemuel_doored_altar,
          first_ration
D:6:      lemuel_ratsnest, layout_basic, minmay_temple_entry_antechambers,
          gammafunk_ghost_stat_death, minmay_ogre_servants, uniq_menkaure
D:7:      layout_cave_pods
D:8:      layout_basic, gammafunk_temple_overflow_wave, serial_glass,
          glass_columns_b, glass_columns_c, glass_columns_b, glass_columns_a,
          glass_columns_a, glass_columns_b, glass_columns_a, glass_columns_a,
          hangedman_pestilent_swarm
D:9:      layout_loops_cross, nicolae_overflow_hidden_temple,
          lemuel_crystal_altar
D:10:     layout_rooms, orc_0_dummy, glass_columns_a, minmay_misc_feat_cross
D:11:     layout_rooms, erik_lair_orcish_takeover, ebering_ghost_disaster_area,
          special_room [special_room_orc]

Skill      XL: |  1  2  3  4  5  6  7  8  9 10 11 |
---------------+----------------------------------+-----
Spellcasting   | 5 6 7 8 |  8.1
Invocations    | 1 2 3 4 5 6 |  6.8
Short Blades   | 1 2 3 4 5 6 |  6.2
Long Blades    | 1 2 3 4 5 6 |  6.2
Axes           | 1 2 3 4 5 6 |  6.2
Maces & Flails | 1 2 3 4 5 6 |  6.2
Staves         | 1 2 3 4 5 6 |  6.2
Slings         | 1 2 3 4 5 6 |  6.2
Bows           | 1 2 3 4 5 6 |  6.2
Crossbows      | 1 2 3 4 5 6 |  6.2
Throwing       | 1 2 3 4 5 6 |  6.2
Stealth        | 1 2 3 4 5 6 |  6.2
Shields        | 1 2 3 4 5 6 |  6.2
Unarmed Combat | 1 2 3 4 5 6 |  6.2
Evocations     | 1 2 3 4 5 6 |  6.2
Conjurations   | 1 2 3 4 5 |  5.1
Hexes          | 1 2 3 4 5 |  5.1
Summonings     | 1 2 3 4 5 |  5.1
Necromancy     | 1 2 3 4 5 |  5.1
Translocations | 1 2 3 4 5 |  5.1
Transmutations | 1 2 3 4 5 |  5.1
Fire Magic     | 1 2 3 4 5 |  5.1
Ice Magic      | 1 2 3 4 5 |  5.1
Air Magic      | 1 2 3 4 5 |  5.1
Earth Magic    | 1 2 3 4 5 |  5.1
Poison Magic   | 1 2 3 4 5 |  5.1
Armour         | 3 4 5 6 |  6.8
Fighting       | 5 6 7 |  7.8
Polearms       | 5 6 7 |  7.8
Dodging        | 5 6 7 |  7.8
Charms         | 6 7 |  7.6

Action                   |  1- 3 |  4- 6 |  7- 9 | 10-12 || total
-------------------------+-------+-------+-------+-------++-------
Melee: Spear             |   115 |   180 |   733 |   568 ||  1596
       Bite              |    13 |    21 |    84 |    61 ||   179
       Punch             |       |       |     8 |    10 ||    18
 Cast: Spectral Weapon   |       |     6 |    42 |    41 ||    89
       Regeneration      |       |     2 |    15 |    12 ||    29
       Infusion          |       |     2 |    10 |    18 ||    30
       Shroud of Golubri |       |       |     7 |    10 ||    17
Invok: Curse Item        |       |     2 |       |     1 ||     3
Evoke: Wand              |       |       |       |     1 ||     1
  Use: Potion            |       |       |     6 |     1 ||     7
       Scroll            |       |       |     9 |     5 ||    14
 Stab: Sleeping          |     2 |       |     4 |     2 ||     8
       Distracted        |       |       |     7 |     4 ||    11
  Eat: Chunk             |     1 |     8 |    18 |    18 ||    45
       Ration            |       |       |     1 |       ||     1
Armor: Leather armour    |     9 |       |       |       ||     9
       Ring mail         |    13 |    31 |   197 |   149 ||   390
Dodge: Dodged            |    56 |    85 |   357 |   336 ||   834
